Map: Lost and Found LE

Players

DnS - Winner!

  • Race: Protoss Protoss
  • Spawn Location: 1:00

Raze

  • Race: Protoss Protoss
  • League: Master
  • Spawn Location: 7:00

Event: WCS Montreal 2018

VOD

Have the link to the VOD?

Description

Time

  • Played on: Sept. 7, 2018, 3:27 p.m.
  • Length: 4:58

All games in this series

Show
View Real Time Build Order
Export as new Build Order

DnS Protoss - Winner!

Build Orders:  

Get SALT Encoding   

  12  0:00  Probe  
  13  0:12  Probe  
  14  0:17  Pylon  
  14  0:24  Probe  
  15  0:32  Probe  
  15  0:38  Gateway  
  15  0:40  Probe  
  16  0:46  Assimilator  
  17  0:51  Probe  
  17  0:55  Assimilator  
  18  0:59  Probe  
  19  1:07  Probe  
  19  1:08  Gateway  
  19  1:17  Probe  
  21  1:27  Cybernetics Core  
  21  1:29  Probe  
  22  1:35  Pylon  
  22  1:42  Probe  
  23  1:55  Warp Gate  
  23  1:56  Probe  
  24  2:04  Stalker x2  
  28  2:14  Pylon  
  28  2:34  Stalker x2  
  32  2:38  Robotics Facility  
  32  2:51  Gateway  
  32  3:04  Stalker x2  
  36  3:10  Shield Battery  
  36  3:17  Pylon  
  36  3:21  Warp Prism  
  36  3:57  Stalker x3  
  43  4:03  Pylon  
  42  4:20  Stalker x2  
  42  4:23  Stalker  
  44  4:52  Stalker  
  44  4:53  Stalker x2  
Show
View Real Time Build Order
Export as new Build Order

Raze Protoss 

Build Orders: Phoenix Opening 

Get SALT Encoding   

  12  0:00  Probe  
  13  0:12  Probe  
  14  0:17  Pylon  
  14  0:22  Probe  
  15  0:31  Probe  
  16  0:37  Gateway  
  16  0:39  Probe  
  16  0:46  Assimilator  
  17  0:51  Probe  
  17  0:56  Assimilator  
  18  0:59  Probe  
  19  1:07  Probe  
  19  1:08  Gateway  
  20  1:18  Probe  
  20  1:25  Cybernetics Core  
  21  1:30  Probe  
  22  1:37  Pylon  
  22  1:42  Probe  
  23  1:55  Probe  
  23  2:01  Stalker x2  
  26  2:04  Warp Gate  
  28  2:13  Pylon  
  28  2:23  Stargate  
  28  2:27  Pylon  
  28  2:35  Stalker  
  30  2:43  Stalker  
  32  2:58  Phoenix  
  34  3:14  Nexus  
  34  3:21  Phoenix  
  34  3:26  Probe  
  35  3:41  Phoenix  
  35  3:43  Pylon, Probe  
  36  3:54  Shield Battery  
  38  4:06  Stalker  
  38  4:07  Stalker  
  42  4:13  Probe  
  43  4:20  Phoenix  
  45  4:31  Stalker  
  47  4:37  Stalker  
  47  4:44  Probe  
  33  4:56  Stalker  
Tags
 
Add a new tag
Caveats
  • Supply blocks, unpowered buildings, or Contaminate may cause inaccurate times.
  • Supply counts are checked every 10 seconds.